AoeStats
← Aqua

Arabia

509696396Analyzed
3v3 RM · 5d ago on Sep 27, 2026· 30m 30s· 6 players
Game mode
Random Map
Map size
Normal (6 player)
Population
200
Speed
Normal
Resources
Standard
Victory
Conquest
Starting age
Dark Age
Ending age
Imperial Age
RankedLock teamsTeams togetherTeam positionsShared explorationLock speedFull tech treeHidden civsTurbo modeCheats
Victory
Defeat
🇧🇷 Muisca · Brazil
1345
+15
🇨🇴 Italians · Colombia
1312
+16
🇳🇱 Saxons · Netherlands
1293
+17
🇩🇪 Ethiopians · Germany
1499
-23
🇩🇪 Varangians · Germany
1244
-13
🇩🇪 Varangians · Germany
1227
-12
[MLTS] RKotzen
7:12 Loom
9:16 Feudal Age
10:58 Double-Bit Axe
21:43 Castle Age
20:03 Horse Collar
20:52 Scale Barding Armor
20:58 Forging
21:40 Bloodlines
22:35 Husbandry
24:00 Chain Barding Armor
28:07 Bow Saw
29:59 Scale Mail Armor
30:36 Iron Casting
Theurarthur
7:19 Loom
9:35 Feudal Age
11:06 Double-Bit Axe
13:43 Fletching
13:53 Padded Archer Armor
18:31 Gold Mining
19:49 Horse Collar
27:04 Castle Age
27:17 Crossbowman
28:09 Bodkin Arrow
28:30 Thumb Ring
29:06 Leather Archer Armor
Karzul
7:16 Loom
9:33 Feudal Age
9:41 Champi Runner
21:03 Fletching
23:24 Castle Age
23:36 Crossbowman
24:12 Bodkin Arrow
24:06 Double-Bit Axe
24:02 Horse Collar
24:14 Gold Mining
27:17 Ballistics
28:16 Bow Saw
28:52 Thumb Ring
Janzequietsch
6:08 Loom
8:52 Feudal Age
9:49 Double-Bit Axe
9:48 Horse Collar
13:47 Bloodlines
17:20 Forging
20:45 Scale Barding Armor
25:02 Castle Age
25:47 Husbandry
28:33 Chain Barding Armor
Aqua
7:10 Loom
10:11 Feudal Age
10:48 Double-Bit Axe
11:15 Gold Mining
13:43 Fletching
13:54 Padded Archer Armor
23:13 Castle Age
23:25 Horse Collar
24:03 Thumb Ring
23:21 Crossbowman
23:59 Bodkin Arrow
24:27 Leather Archer Armor
Die Katz
5:24 Loom
8:36 Feudal Age
8:40 Man-at-Arms
9:22 Double-Bit Axe
15:45 Fletching
15:44 Horse Collar
19:50 Wheelbarrow
23:45 Castle Age
22:20 Scale Mail Armor
22:30 Forging
22:49 Forging
24:30 Squires
24:53 Chain Mail Armor
25:07 Squires
Connection lost

Rejoining the realm…

Still unreachable

The connection could not be restored.

Session expired

The server has moved on; the page needs a fresh start.